 Dungeon Crawl Stone Soup version 0.25-a0-310-g60f0ac2d9a (webtiles) character file.

Game seed: 5553325861536090040, levelgen mode: deterministic

1477 Glalom the Destroyer (level 8, -2/68 HPs)
             Began as a Red Draconian Conjurer on Dec 23, 2019.
             Was an Initiate of Sif Muna.
             Killed from afar by Dowan (12 damage)
             ... with a shard of ice
             ... on level 6 of the Dungeon.
             The game lasted 00:24:21 (7855 turns).

Glalom the Destroyer (Red Draconian Conjurer)       Turns: 7855, Time: 00:24:22

Health: -2/68      AC:  8    Str: 11    XL:     8   Next: 49%
Magic:  1/13       EV: 12    Int: 20    God:    Sif Muna [......]
Gold:   209        SH:  0    Dex: 11    Spells: 3/14 levels left

rFire    + + .     SeeInvis .   a - +0 dagger (venom)
rCold    . . .     Gourm    .   (no shield)
rNeg     . . .     Faith    .   (armour unavailable)
rPois    .         Spirit   .   (helmet restricted)
rElec    .         Reflect  .   j - +0 cloak
rCorr    .         Harm     .   t - +0 pair of gloves
MR       .....                  (no boots)
Stlth    ++........             (no amulet)
HPRegen  0.21/turn              h - +2 ring of intelligence
MPRegen  0.13/turn              o - ring of protection from fire

@: no status effects
A: breathe fire, unfitting armour, fire resistance 1, cold-blooded, AC +6
a: Breathe Fire, Renounce Religion


You were on level 6 of the Dungeon.
You worshipped Sif Muna.
Sif Muna was noncommittal.
You were near starving.

You visited 1 branch of the dungeon, and saw 6 of its levels.

You collected 209 gold pieces.

Inventory:

Hand Weapons
 a - a +0 dagger of venom (weapon)
 b - a +0 hunting sling
 u - a +0 club
Missiles
 c - 123 stones (quivered)
Armour
 j - a +0 cloak (worn)
 t - a +0 pair of gloves (worn)
Jewellery
 h - a +2 ring of intelligence (left hand)
 o - a ring of protection from fire (right hand)
 z - an uncursed ring of stealth
 B - the ring of Decoishri {Fire Str+10, unknown}
   (You found it on level 4 of the Dungeon)

   [ring of fire]

   It enhances your fire magic.
   It affects your strength (+10).
   It protects you from fire.
   It makes you vulnerable to cold.
Wands
 m - a wand of random effects (10)
 D - a wand of polymorph (10)
 F - a wand of flame (18)
Scrolls
 g - 4 scrolls of enchant armour {unknown}
 i - 3 scrolls of remove curse {unknown}
 n - 3 scrolls of enchant weapon {unknown}
 p - 7 scrolls of identify
 q - 2 scrolls of fear {unknown}
 r - 2 scrolls of teleportation {unknown}
 y - 5 scrolls of immolation {unknown}
 A - a scroll of random uselessness {unknown}
 G - a scroll of holy word {unknown}
 H - a scroll of amnesia {unknown}
 I - a scroll of acquirement {unknown}
Potions
 d - a potion of lignification {unknown}
 e - 4 potions of heal wounds
 f - a potion of haste {unknown}
 k - a potion of might {unknown}
 s - 2 potions of curing
 v - a potion of agility {unknown}
 w - a potion of flight {unknown}
 x - a potion of degeneration {unknown}
 C - a potion of magic {unknown}
 E - a potion of brilliance {unknown}
Comestibles
 l - 9 rations


   Skills:
 - Level 5.0 Fighting
 - Level 1.7 Dodging
 - Level 1.7 Stealth
 + Level 3.9 Spellcasting
 - Level 8.2 Conjurations
 + Level 1.9 Hexes
 - Level 4.0 Translocations


You had 3 spell levels left.
You knew the following spells:

 Your Spells              Type           Power        Failure   Level  Hunger
a - Magic Dart            Conj           ####         1%          1    None
b - Searing Ray           Conj           #####.       1%          2    ##.....
c - Iskenderun's Mystic   Conj/Tloc      ####....     11%         4    ####...
d - Fulminant Prism       Conj/Hex       ###.......   16%         4    ####...

Your spell library contained the following spells:

 Spells                   Type           Power        Failure   Level  Hunger
 Dazzling Flash           Conj/Hex       ###...       4%          3    ###....


Dungeon Overview and Level Annotations

Branches:
Dungeon (6/15)
 Temple: D:4-7

Altars:
Elyvilon
Fedhas
Qazlal
Sif Muna
Uskayaw

Shops:
D:5 (*

Annotations:
D:6 Dowan, Eustachio


Innate Abilities, Weirdness & Mutations

You can breathe blasts of fire.
Your fiery red scales are hard. (AC +6)
You cannot fit into any form of body armour.
Your flesh is heat resistant. (rF+)
You are cold-blooded and may be slowed by cold attacks.


Message History

* * * LOW HITPOINT WARNING * * *
Dowan says, "How can I live without her?"
Casting: Magic Dart (safe; 1% risk of failure)
Confirm with . or Enter, or press ? or * to list all spells.
Aiming: Magic Dart (safe; 1% risk of failure)
Press: ? - help, Shift-Dir - straight line, f - Dowan
Aim: Dowan, wielding a +0 dagger and wearing a +0 robe (almost dead, fast)
The magic dart hits Dowan.
Dowan is almost dead.
Dowan mumbles some strange words.
Dowan blinks!
The bullfrog barely misses you. The bullfrog hits you.
* * * LOW HITPOINT WARNING * * *
You kill the bullfrog!
Sif Muna accepts your kill. Dowan closely misses you.
You miss Dowan.
Dowan is almost dead.
Dowan casts a spell at you. The shard of ice hits you!
You die...

......# ...... ....e
#########... #......##..
. #......##)# ...
#......##.#..###
#########......'†......#
+
#...........e@.####..#.#
. # #...............#
#...# .
#.#........######.# ...#
. #..<.......#......#
..# .
#####......####.### .# .
######......# #.# .# .
.....#....).####.### .
...................# .
..........#........# .


You could see Dowan.

Vanquished Creatures
  Duvessa (D:6)
  A phantom (D:4)
  A black bear (D:4)
  2 ogres (D:4)
  A centaur (D:5)
  2 bullfrogs (D:6)
  A scorpion (D:5)
  A howler monkey (D:4)
  2 crimson imps (D:5)
  A centaur skeleton (D:4)
  A gnoll shaman (D:4)
  A hound (D:4)
  5 orc wizards
  3 orc priests
  A bullfrog skeleton (D:5)
  6 worker ants
  5 gnolls (D:4)
  4 adders
  A shadow imp (D:5)
  An adder skeleton (D:4)
  5 worms
  2 dart slugs
  4 leopard geckos
  19 orcs
  5 giant cockroaches
  7 goblins
  4 hobgoblins
  6 kobolds
  2 quokkas
  3 ball pythons
  A bat (D:3)
  6 frilled lizards
  A quokka skeleton (D:4)
  A quokka zombie (D:5)
  7 rats
114 creatures vanquished.

Notes
Turn   | Place    | Note
-------+----------+-------------------------------------------
     0 | D:1      | Glalom the Draconian Conjurer began the quest for the Orb.
     0 | D:1      | Reached XP level 1. HP: 14/14 MP: 3/3
   633 | D:1      | Reached XP level 2. HP: 20/20 MP: 1/5
  1421 | D:2      | Noticed a +0 hand axe
  1421 | D:2      | Noticed a +0 hand axe
  1500 | D:2      | Found a hide-covered altar of Uskayaw.
  1905 | D:2      | Reached XP level 3. HP: 24/26 MP: 1/6
  2657 | D:2      | Learned a level 2 spell: Searing Ray
  2715 | D:2      | Reached skill level 5 in Conjurations
  3392 | D:3      | Reached XP level 4. HP: 33/33 MP: 5/8
  3932 | D:3      | Reached XP level 5. HP: 38/38 MP: 6/9
  4010 | D:4      | Noticed a phantom
  4020 | D:4      | Reached skill level 6 in Conjurations
  4121 | D:4      | Killed a phantom
  4136 | D:4      | Reached XP level 6. HP: 3/45 MP: 1/10
  4457 | D:4      | Reached skill level 7 in Conjurations
  4595 | D:4      | Learned a level 4 spell: Iskenderun's Mystic Blast
  4738 | D:4      | Reached skill level 1 in Translocations
  5015 | D:4      | Found a stormy altar of Qazlal.
  5168 | D:4      | Found a white marble altar of Elyvilon.
  5203 | D:4      | Your scales start taking on a fiery red colour.
  5203 | D:4      | Reached XP level 7. HP: 50/50 MP: 5/11
  5203 | D:4      | Gained mutation: Your flesh is heat resistant. (rF+) [Red
                  | Draconian growth]
  6033 | D:4      | Reached skill level 8 in Conjurations
  6164 | D:4      | Got a heavily runed pewter ring
  6642 | D:5      | Entered Level 5 of the Dungeon
  6788 | D:5      | Reached XP level 8. HP: 63/63 MP: 3/12
  7251 | D:5      | Found Tonyraen's Mass Market.
  7255 | D:5      | Found a blossoming altar of Fedhas.
  7343 | D:5      | Found a shimmering blue altar of Sif Muna.
  7346 | D:5      | Became a worshipper of Sif Muna the Loreminder
  7474 | D:5      | Reached skill level 5 in Fighting
  7553 | D:5      | Found Upeadoxkui's Weapon Emporium.
  7673 | D:6      | Noticed Eustachio
  7673 | D:6      | Noticed Duvessa
  7674 | D:6      | Noticed Dowan
  7682 | D:5      | Learned a level 4 spell: Fulminant Prism
  7843 | D:6      | Killed Duvessa
  7843 | D:6      | Reached skill level 1 in Hexes
  7855 | D:6      | Killed from afar by Dowan

Levels and vault maps discovered:
D:1:      roderic_chinese_lattice_arrival, layout_basic
D:2:      layout_rooms, dancing_weapons_uskayaw, grunt_decor_one_mirror,
          minmay_split_cup_small
D:3:      layout_basic
D:4:      layout_loops_ring, nicolae_qazlal_eye_of_the_storm, elyvilon_altar_3,
          first_ration, minmay_cupped
D:5:      layout_rooms, fedhas_altar_1, kennysheep_mini_moat, serial_shops,
          kennysheep_mini, serial_rivers, chequers_serial_rivers_marsh,
          chequers_serial_rivers_micro_a, chequers_serial_rivers_large_a,
          chequers_serial_rivers_small_a, chequers_serial_rivers_micro_e,
          minmay_shop_mass
D:6:      layout_basic, grunt_gozag_breadcrumbs, uniq_eustachio, uniq_duvessa

Skill      XL: |  1  2  3  4  5  6  7  8 |
---------------+-------------------------+-----
Conjurations   | 5 6 7 8 |  8.2
Spellcasting   | 3 |  3.9
Translocations | 2 4 |  4.0
Fighting       | 3 5 |  5.0
Hexes          | 1 |  1.9
Dodging        | |  1.7
Stealth        | |  1.7

Action                   |  1- 3 |  4- 6 |  7- 9 || total
-------------------------+-------+-------+-------++-------
Melee: Unarmed           |     8 |       |       ||     8
       Tailslap          |     6 |     9 |     3 ||    18
       Club              |    32 |       |       ||    32
       Dagger            |       |    77 |    39 ||   116
 Fire: Hunting sling     |     3 |     2 |       ||     5
Throw: Stone             |     4 |       |       ||     4
 Cast: Magic Dart        |    91 |    61 |   111 ||   263
       Searing Ray       |       |    10 |     7 ||    17
       Iskenderun's Myst |       |       |     4 ||     4
 Abil: Breathe Fire      |       |       |     8 ||     8
  Use: Potion            |       |     1 |       ||     1
       Scroll            |       |     1 |       ||     1
  Eat: Chunk             |     8 |     2 |     7 ||    17
       Ration            |       |     1 |     1 ||     2
Armor: Skin              |    20 |    24 |    18 ||    62
Dodge: Dodged            |    36 |    34 |    31 ||   101

Table legend:
 A = Non-vault XP
 B = Vault XP
 C = Vault XP percentage of total XP
 D = Non-vault monster count
 E = Vault monster count
 F = Vault count percentage of total count
                 A         B        C        D         E       F
            +---------+---------+-------+---------+---------+-------
      Total |    1850 |     260 |  12.3 |     108 |       6 |   5.3
            +---------+---------+-------+---------+---------+-------
        D:1 |      19 |       0 |   0.0 |      10 |       0 |   0.0
        D:2 |      60 |       5 |   7.7 |      22 |       3 |  12.0
        D:3 |     112 |       0 |   0.0 |      18 |       0 |   0.0
        D:4 |    1046 |     117 |  10.1 |      38 |       2 |   5.0
        D:5 |     437 |       0 |   0.0 |      17 |       0 |   0.0
        D:6 |     176 |     138 |  43.9 |       3 |       1 |  25.0
            +---------+---------+-------+---------+---------+-------
